 Dungeon Crawl Stone Soup version 0.22-a0-398-g8bb545f (webtiles) character file.

1 raistware the Magician (level 1, -7/13 HPs)
             Began as a Mummy Wizard on May 5, 2018.
             Mangled by a kobold
             ... wielding a +2 short sword of holy wrath
              (8 damage)
             ... on level 1 of the Dungeon.
             The game lasted 00:00:19 (78 turns).

raistware the Magician (Mummy Wizard)                 Turns: 78, Time: 00:00:21

Health: -7/13      AC:  2    Str: 10    XL:     1   Next: 16%
Magic:  3/5        EV: 12    Int: 17    God:
Gold:   0          SH:  0    Dex: 10    Spells: 7/8 levels left

rFire    x . .     SeeInvis .   c - +0 whip
rCold    + . .     Gourm    .   (no shield)
rNeg     + + +     Faith    .   a - +0 robe
rPois    ∞         Spirit   .   b - +0 hat
rElec    .         Reflect  .   (no cloak)
rCorr    .         Harm     .   (no gloves)
MR       .....                  (no boots)
Stlth    ++........             (no amulet)
HPRegen  0.04/turn              (no ring)
MPRegen  0.09/turn              (no ring)

@: no status effects
A: no food or potions, fire vulnerability, cold resistance 1, negative energy
resistance 3, torment resistance, unbreathing
a: no special abilities


You were on level 1 of the Dungeon.
You were not hungry.

You visited 1 branch of the dungeon, and saw 1 of its levels.

Inventory:

Hand Weapons
 c - a +0 whip (weapon)
Armour
 a - a +0 robe (worn)
 b - a +0 hat (worn)


   Skills:
 - Level 1.5 Dodging
 - Level 1.5 Stealth
 - Level 4.0 Spellcasting
 + Level 1.0 Conjurations
   Level 0.7 Summonings
   Level 0.7 Translocations


You had 7 spell levels left.
You knew the following spells:

 Your Spells              Type           Power        Failure   Level  Hunger
a - Magic Dart            Conj           #...         11%         1    N/A

Dungeon Overview and Level Annotations

Branches:
Dungeon (1/15)

Altars:


Innate Abilities, Weirdness & Mutations

You do not eat or drink.
Your flesh is vulnerable to fire.
You are immune to poison.
Your flesh is cold resistant. (rC+)
You are immune to negative energy. (rN+++)
You are immune to unholy pain and torment.
You can survive without breathing.


Message History

The kobold is severely wounded.
The kobold throws a stone.
The stone hits you but does no damage.
Casting: Magic Dart (safe; 12% risk of failure)
Confirm with . or Enter, or press ? or * to list all spells.
Aiming: Magic Dart (safe; 12% risk of failure)
Press: ? - help, Shift-Dir - straight line, f/p - kobold
Aim: a kobold, wielding a short sword (severely wounded)
The magic dart hits the kobold.
You kill the kobold!
Your Conjurations skill increases to level 1!
You hit the kobold but do no damage.
The kobold hits you with a short sword of holy wrath.
You convulse.
You hit the kobold.
The kobold is moderately wounded.
The kobold hits you with a short sword of holy wrath.
* * * LOW HITPOINT WARNING * * *
You convulse!
Ouch! That really hurt!
You die...

##### #...#### #...#..
#..... #.... .#
...##.... ##.....#
###(.############ ####
#...sK@....#.#..####...
###(##.(##..#..#.##.##.
#..##..##..#####.(.###
#..)###.##.#.##..#### #
#.#?# #....###.##### ##
....# ######.##.##.###.
.....# ##..####...# ...
.$. #### ##### .##....#


You could see a giant cockroach and a kobold.

Vanquished Creatures
  A kobold (D:1)
1 creature vanquished.

Notes
Turn   | Place    | Note
-------+----------+-------------------------------------------
     0 | D:1      | raistware the Mummy Wizard began the quest for the Orb.
     0 | D:1      | Reached XP level 1. HP: 13/13 MP: 5/5
    72 | D:1      | Reached skill level 1 in Conjurations
    78 | D:1      | Mangled by a kobold

Vault maps used:
D:1:      dpeg_arrival_signposts, minmay_hexomino_u4

Skill      XL: |  1 |
---------------+----+-----
Conjurations   | 1 |  1.0
Dodging        | |  1.5
Stealth        | |  1.5
Spellcasting   | |  4.0
Summonings     | |  0.7
Translocations | |  0.7

Action                   || total
-------------------------++-------
Melee: Whip              ||     2
 Cast: Magic Dart        ||     2
Dodge: Dodged            ||     1

Table legend:
 A = Spawn XP
 B = Non-spawn XP
 C = Spawn XP percentage of total XP
 D = Spawn monster count
 E = Non-spawn monster count
 F = Spawn count percentage of total count
 G = Total turns spent on level
                    A         B        C        D         E        F      G
               +---------+---------+-------+---------+---------+-------+---------
         Total |       0 |       2 |   0.0 |       0 |       1 |   0.0 |    78
               +---------+---------+-------+---------+---------+-------+---------
           D:1 |       0 |       2 |   0.0 |       0 |       1 |   0.0 |    78
               +---------+---------+-------+---------+---------+-------+---------
